 Dungeon Crawl Stone Soup version 0.32-a0-913-g739538afd8 (webtiles) character file.

Game seed: 8544275578716528757

5418 ezpacito the Trooper (level 10, -5/84 HPs)
             Began as a Coglin Chaos Knight on Apr 10, 2024.
             Was a Plaything of Xom.
             Slain by Gastronok (18 damage)
             ... on level 8 of the Dungeon.
             The game lasted 00:10:40 (6524 turns).

ezpacito the Trooper (Coglin Chaos Knight)          Turns: 6524, Time: 00:10:41

Health: -5/84      AC: 12    Str: 17    XL:     10   Next: 67%
Magic:  13/13      EV: 12    Int: 11    God:    Xom [....*.]
Gold:   261        SH:  0    Dex: 14    Spells: 4/15 levels left

rFire   + . .        z - +2 broad axe of the Bear {flame, rN+ rCorr}
rCold   + . .        d - +2 flail (chaos) {Yvonne}
rNeg    + . .        h - +2 ring mail {rF+}
rPois   .            (helmet restricted)
rElec   .            o - +2 cloak
rCorr   +            (no gloves)
SInv    .            s - +0 pair of boots
Will    .....        (amulet unavailable)
Stlth   ++           (ring unavailable)
HPRegen 0.34/turn    (ring unavailable)
MPRegen 0.13/turn    (no gizmo)

%: no passive effects
@: revved
A: off-hand wielding, slow wielding, warmup strikes, no jewellery, horns 1, cold
resistance 1, low MP 1, robust 1, MP-powered wands, sturdy frame 1
a: Invent Gizmo, Renounce Religion


You were on level 8 of the Dungeon.
You worshipped Xom.
You were a beloved toy of Xom.
You visited 2 branches of the dungeon, and saw 9 of its levels.

You collected 807 gold pieces.
You spent 546 gold pieces at shops.

Inventory:

Hand Weapons
 a - a +1 hand axe of chaos {Eanasir}
 d - a +2 flail of chaos (offhand) {Yvonne}
 p - a +0 trident {Tiberia}
 z - the +2 broad axe of the Bear (weapon) {flame, rN+ rCorr}
   (You bought it in a shop on level 2 of the Dungeon)

   rN+:       It protects you from negative energy.
   rCorr:     It protects you from acid and corrosion.
Missiles
 e - a throwing net
 m - 6 boomerangs (quivered)
 r - 6 atropa-tipped darts
Armour
 f - a +0 plate armour
 h - a +2 ring mail of fire resistance (worn)
 o - a +2 cloak (worn)
 s - a +0 pair of boots (worn)
Talismans
 l - a beast talisman
Wands
 b - a wand of light (8)
 c - a wand of iceblast (10)
 j - a wand of mindburst (7)
 y - a wand of flame (4)
Scrolls
 g - a scroll of immolation
 n - 3 scrolls of enchant armour
 t - a scroll of teleportation
 w - a scroll of noise
Potions
 i - a potion of mutation
 q - 4 potions of curing
 u - a potion of enlightenment
 v - 2 potions of attraction
 x - a potion of cancellation


   Skills:
 * Level 6.6 Fighting
 * Level 6.5(7.5) Axes
 * Level 5.1(6.4) Polearms
 * Level 5.4 Armour
 * Level 5.1 Dodging
 + Level 3.2 Stealth
 + Level 0.2 Unarmed Combat
 + Level 3.0 Spellcasting
 + Level 2.2 Conjurations
 + Level 2.7 Necromancy
 + Level 1.7 Translocations
 + Level 0.2 Earth Magic
 + Level 3.1 Alchemy
 + Level 3.0 Evocations
 + Level 2.1 Shapeshifting


You had 4 spell levels left.
You knew the following spells:

 Your Spells              Type           Power      Damage    Failure   Level
a - Leda's Liquefaction   Alch/Erth      2%         N/A       86%         4
b - Magic Dart            Conj           24%        1d4       14%         1
c - Blink                 Tloc           10%        N/A       26%         2
A - Animate Dead          Necr           7%         N/A       75%         4

Your spell library contained the following spells:

 Spells                   Type           Power      Damage    Failure   Level
 Kiss of Death            Conj/Necr      28%        2d7       13%         1
 Searing Ray              Conj           12%        2d4       22%         2
 Call Imp                 Summ           2%         N/A       45%         2
 Scorch                   Fire           2%         2d5       45%         2
 Confusing Touch          Hex            1%         N/A       71%         3
 Dispel Undead            Necr           7%         3d8       75%         4
 Fulminant Prism          Conj/Alch      3%         3d5       75%         4
 Flame Wave               Conj/Fire      4%         2d5       91%         4
 Iskenderun's Battlesphe  Conj           6%         2d6       98%         5
 Borgnjor's Vile Clutch   Necr/Erth      2%         N/A       99%         5
 Lee's Rapid Deconstruct  Erth           1%         3d4*      100%        5
 Bombard                  Conj/Erth      2%         9d1       100%        6
 Death Channel            Necr           3%         N/A       100%        6
 Permafrost Eruption      Ice/Erth       0%         2x4d1     100%        6
 Summon Cactus Giant      Summ           0%         N/A       100%        6
 Spellforged Servitor     Conj/Summ      2%         N/A       100%        7


Dungeon Overview and Level Annotations

Branches:
Dungeon (8/15)             Temple (1/1) D:5
   Lair: D:8-11

Altars:
Ashenzari
Cheibriados
Dithmenos
Elyvilon
Fedhas
Gozag
Hepliaklqana
Kikubaaqudgha
Makhleb
Nemelex Xobeh
Okawaru
Qazlal
Ru
Sif Muna
Trog
Uskayaw
Vehumet
Wu Jian
Xom
Yredelemnul
Zin
The Shining One

Shops:
D:1 !   D:2 (   D:4 =   D:5 (

Annotations:
D:8 Gastronok


Innate Abilities, Weirdness & Mutations

You can wield a second weapon in your off-hand.
It takes a long time for you to wield or remove held weapons.
Your first few attacks do less damage.
You cannot equip rings or amulets.
You have a pair of small horns on your head.
Your flesh is cold resistant. (rC+)
Your magical capacity is low. (-10% MP)
You are robust. (+10% HP)
You expend magic power (3 MP) to strengthen your wands.
Your movements are slightly less encumbered by armour. (ER -2)


Message History

Prince Ribbit hits you but does no damage.
You miss Prince Ribbit with your +2 flail of chaos.
You slash Prince Ribbit with the +2 broad axe of the Bear!
You burn Prince Ribbit. Prince Ribbit hits you!
You take 8 damage, and have 59/84 hp.
You closely miss Prince Ribbit with your +2 flail of chaos.
Prince Ribbit is heavily wounded.
You miss Prince Ribbit with the +2 broad axe of the Bear.
You slash Gastronok with the +2 broad axe of the Bear!
You burn Gastronok.
Xom titters.
Gastronok looks rather confused.
Prince Ribbit looks rather confused.
You slash Prince Ribbit with the +2 broad axe of the Bear!
You burn Prince Ribbit.
You kill Prince Ribbit!
Prince Ribbit returns to his original shape as he dies.
You strike the helpless Gastronok from behind!
You slash Gastronok with the +2 broad axe of the Bear!
You burn Gastronok. Gastronok bites you.
You see here the human corpse of Prince Ribbit.
You take 4 damage, and have 55/84 hp.
You sock Gastronok with your +2 flail of chaos!
Gastronok flies into a frenzy!
Gastronok is lightly wounded.
You hit Gastronok but do no damage.
You catch the helpless Gastronok completely off-guard!
You slash Gastronok with the +2 broad axe of the Bear!
You burn Gastronok.
Gastronok is moderately wounded.
You hit Gastronok with your +2 flail of chaos.
You burn Gastronok. Gastronok bites you!!!
Ouch! That really hurt!
* * * LOW HITPOINT WARNING * * *
You take 42 damage, and have 13/84 hp.
MASSIVE DAMAGE!!
You hit Gastronok with the +2 broad axe of the Bear.
You burn Gastronok.
Gastronok is moderately wounded.
You hit Gastronok but do no damage. Gastronok bites you!!
You die...

..!. .... #... #...
#...############
+..............#
#..[.......[...#
##..w@.........# ##............#
#######............#
#.#####....##............# ####
#..........##............# #...
#######.#.....#####......####.#.
##.....#.#..............##.._..
#[.....#.#.#.######.....##.#.##
#............# ####....##....#


You could see the neutral Gastronok (fast, strong, frenzied, confused).

Vanquished Creatures
  The ghost of dynoo the Ruffian, a novice TrEE of Vehumet (D:7)
  A deep elf pyromancer (D:7)
  Pikel (D:5)
  Maurice (D:8)
  A komodo dragon (D:7)
  The ghost of prad the Shooter, a novice DEHu of Okawaru (D:5)
  A troll (D:6)
  Prince Ribbit (D:8)
  Sigmund (D:2)
  A steam dragon (D:7)
  Duvessa (D:7)
  A sky beast (D:4)
  4 ice beasts
  2 ogres
  A phantom (D:7)
  A kobold brigand (D:7)
  2 lemures (D:5)
  A bullfrog (D:6)
  3 scorpions
  Dowan (D:7)
  A wight (D:6)
  4 jellies
  2 bombardier beetles (D:3)
  Crazy Yiuf (D:5)
  3 gnoll boudas
  3 hounds
  4 iguanas
  2 scorpion simulacra (D:5)
  16 gnolls
  7 adders
  A hound simulacrum (D:5)
  A shadow imp (D:7)
  A white imp (D:6)
  A howler monkey simulacrum (D:5)
  An ufetubus (D:7)
  A ribbon worm (D:2)
  3 dart slugs
  An adder simulacrum (D:5)
  15 orcs
  4 endoplasms
  3 giant cockroaches
  3 goblins
  5 hobgoblins
  13 kobolds
  5 quokkas
  7 ball pythons
  7 bats
  10 frilled lizards
  6 rats
158 creatures vanquished.

Vanquished Creatures (collateral kills)
  An ice beast (D:6)
  A scorpion (D:4)
  4 wights (D:6)
  An orc wizard (D:4)
  An adder (D:4)
  5 orcs (D:4)
  A kobold (D:4)
  A ball python (D:4)
15 creatures vanquished.

Vanquished Creatures (others)
  A deep elf pyromancer (D:7)
1 creature vanquished.

Grand Total: 174 creatures vanquished

Notes
Turn   | Place    | Note
-------+----------+-------------------------------------------
     0 | D:1      | ezpacito the Coglin Chaos Knight began the quest for the
                  | Orb.
     0 | D:1      | Reached XP level 1. HP: 18/18 MP: 1/1
     9 | D:1      | Found Zaciod's Distillery.
   191 | D:1      | Reached skill level 1 in Dodging
   193 | D:1      | XOM: silly message
   308 | D:1      | Reached XP level 2. HP: 24/24 MP: 2/2
   917 | D:2      | Reached XP level 3. HP: 29/29 MP: 3/3
  1006 | D:2      | Reached skill level 1 in Polearms
  1150 | D:2      | XOM: silly message
  1156 | D:2      | Reached XP level 4. HP: 35/35 MP: 4/4
  1218 | D:2      | Found Oqavesk's Antique Weapon Shoppe.
  1238 | D:2      | Found a white marble altar of Elyvilon.
  1351 | D:2      | XOM: silly message
  1377 | D:2      | Noticed Sigmund
  1378 | D:2      | XOM: potion effect (brilliance)
  1386 | D:2      | Killed Sigmund
  1387 | D:2      | Reached skill level 1 in Stealth
  1387 | D:2      | Reached skill level 1 in Spellcasting
  1387 | D:2      | Reached XP level 5. HP: 42/42 MP: 4/6
  1515 | D:2      | Reached XP level 6. HP: 48/48 MP: 7/7
  1697 | D:3      | XOM: 1-stop teleportation journey
  1948 | D:3      | Found a shimmering altar of Xom.
  1948 | D:3      | XOM: 3-stop teleportation journey
  2230 | D:4      | Reached XP level 7. HP: 54/54 MP: 8/8
  2244 | D:4      | XOM: divination: magic mapping
  2329 | D:4      | Found Mem Jeni's Jewellery Boutique.
  2408 | D:4      | XOM: cloud trail
  2530 | D:4      | XOM: noise
  2636 | D:5      | Entered Level 5 of the Dungeon
  2647 | D:5      | Found a runed translucent gate.
  2648 | D:5      | Found a runed translucent gate.
  2649 | D:5      | Found a runed translucent gate.
  2658 | D:5      | Found Tyhah's Weapon Boutique.
  2680 | D:5      | Learned a level 4 spell: Animate Dead
  2685 | D:5      | Learned a level 4 spell: Leda's Liquefaction
  2687 | D:5      | Learned a level 1 spell: Magic Dart
  2766 | D:5      | Found a staircase to the Ecumenical Temple.
  2773 | Temple   | Entered the Ecumenical Temple
  2793 | D:5      | XOM: god gift: book of Scorching
  2798 | D:5      | XOM: god gift: falchion {god gift}
  2822 | D:5      | Reached XP level 8. HP: 39/61 MP: 10/10
  3034 | D:5      | Noticed Pikel
  3046 | D:5      | XOM: summons friendly white imp
  3051 | D:5      | HP: 3/61 [Pikel/+2 whip of flaming (1)]
  3063 | D:5      | Gained mutation: You expend magic power (3 MP) to
                  | strengthen your wands. [potion of mutation]
  3063 | D:5      | Gained mutation: Your movements are slightly less
                  | encumbered by armour. (ER -2) [potion of mutation]
  3063 | D:5      | Gained mutation: Your flesh is cold resistant. (rC+)
                  | [potion of mutation]
  3063 | D:5      | HP: 2/61 [Pikel/+2 whip of flaming (8)]
  3064 | D:5      | Killed Pikel
  3065 | D:5      | Reached skill level 5 in Fighting
  3065 | D:5      | Reached skill level 5 in Axes
  3065 | D:5      | Reached skill level 1 in Necromancy
  3065 | D:5      | Reached skill level 1 in Alchemy
  3203 | D:5      | XOM: god gift: wand of iceblast (4)
  3443 | D:5      | XOM: cloud trail
  3461 | D:5      | Found a runed translucent door.
  3462 | D:5      | Noticed Crazy Yiuf
  3472 | D:5      | Killed Crazy Yiuf
  3650 | D:5      | Noticed prad's ghost (novice DEHu)
  3689 | D:5      | XOM: summons 3 friendly demons
  3691 | D:5      | XOM: scenery: 3 doors close
  3707 | D:5      | Killed prad's ghost
  3708 | D:5      | Reached skill level 1 in Shapeshifting
  3708 | D:5      | Reached XP level 9. HP: 37/68 MP: 12/12
  3732 | D:5      | Reached skill level 1 in Evocations
  3906 | D:6      | Noticed a troll
  3910 | D:6      | XOM: potion effect (haste)
  3918 | D:6      | Killed a troll
  3923 | D:6      | XOM: cleaving
  3929 | D:6      | Reached skill level 1 in Conjurations
  3943 | D:6      | Learned a level 2 spell: Blink
  4208 | D:6      | XOM: 4-stop teleportation journey
  4220 | D:6      | XOM: confuse monster(s)
  4223 | D:6      | XOM: confuse monster(s)
  4706 | D:6      | Found a shimmering blue altar of Sif Muna.
  5219 | D:2      | Bought a shimmering broad axe for 234 gold pieces
  5219 | D:2      | Identified the +2 broad axe of the Bear {flame, rN+ rCorr}
                  | (You bought it in a shop on level 2 of the Dungeon)
  5266 | D:1      | Bought a potion of enlightenment for 60 gold pieces
  5266 | D:1      | Bought a potion of attraction for 36 gold pieces
  5266 | D:1      | Bought a potion of curing for 36 gold pieces
  5266 | D:1      | Bought a potion of heal wounds for 60 gold pieces
  5266 | D:1      | Bought a potion of curing for 36 gold pieces
  5266 | D:1      | Bought a potion of attraction for 36 gold pieces
  5266 | D:1      | Bought a potion of might for 48 gold pieces
  5383 | D:7      | Noticed Duvessa
  5384 | D:7      | Noticed Dowan
  5386 | D:7      | XOM: enchant monster (good)
  5390 | D:7      | Killed Duvessa
  5399 | D:7      | Killed Dowan
  5463 | D:7      | XOM: give mutation
  5463 | D:7      | Gained mutation: Your magical capacity is low. (-10% MP)
                  | [Xom's mischief]
  5480 | D:7      | Reached skill level 5 in Armour
  5480 | D:7      | Reached skill level 1 in Translocations
  5494 | D:7      | XOM: divination: detect items
  5512 | D:7      | Reached XP level 10. HP: 67/76 MP: 12/12
  5660 | D:7      | Found a runed translucent gate.
  5660 | D:7      | Found a runed translucent gate.
  5660 | D:7      | Found a runed translucent gate.
  5664 | D:7      | Found an opulent altar of Gozag.
  5665 | D:7      | Noticed dynoo's ghost (novice TrEE)
  5939 | D:7      | Noticed a deep elf pyromancer
  5942 | D:7      | XOM: enchant monster (good)
  5946 | D:7      | Noticed a deep elf pyromancer
  5954 | D:7      | Killed a deep elf pyromancer
  5980 | D:7      | XOM: swap monsters
  5981 | D:7      | Killed a deep elf pyromancer
  6040 | D:7      | Killed dynoo's ghost
  6121 | D:7      | XOM: scenery: 2 doors close
  6144 | D:7      | XOM: give mutations
  6144 | D:7      | Gained mutation: You are robust. (+10% HP) [Xom's grace]
  6144 | D:7      | Gained mutation: You have a pair of small horns on your
                  | head. [Xom's grace]
  6228 | D:8      | Found a shadowy altar of Dithmenos.
  6337 | D:8      | Reached skill level 5 in Polearms
  6351 | D:8      | Reached skill level 5 in Dodging
  6403 | D:8      | XOM: god gift: glowing flail {god gift}
  6432 | D:8      | Noticed Maurice
  6435 | D:8      | XOM: scenery: summon butterflies
  6436 | D:8      | XOM: cleaving
  6438 | D:8      | Maurice stole a +1 hand axe of chaos {Eanasir}
  6440 | D:8      | Maurice stole a beast talisman
  6443 | D:8      | Killed Maurice
  6508 | D:8      | Noticed Gastronok
  6510 | D:8      | Noticed Prince Ribbit
  6519 | D:8      | XOM: confuse monster(s)
  6520 | D:8      | Killed Prince Ribbit
  6524 | D:8      | Slain by Gastronok

Illustrated notes

Levels and vault maps discovered:
D:1:      ldierk_walled_garden_2, layout_basic, serial_corexii_hall,
          chequers_hall_statues_corner_a, chequers_hall_statues_y, serial_shops,
          shop
D:2:      layout_loops_ring, basic_altar, serial_shops, shop,
          chequers_serial_rivers_room_a, minmay_lizard_king, uniq_sigmund
D:3:      wander_river, layout_rooms, amcnicky_altar_gilded,
          minmay_crystal_room, minmay_misc_feat_encased, hex_tiny
D:4:      layout_cave_pools, serial_shops, shop, dreamdust_mushroom_princess
D:5:      layout_rooms, temple_fountains, gammafunk_ghost_icy, serial_shops,
          shop, minivault_19, uniq_crazy_yiuf_cottage, uniq_pikel
D:6:      layout_loops_ring, kennysheep_little_box, serial_bayou_pond_a,
          lemuel_flame_loot_1
D:7:      layout_cave_pools, ebering_ghost_gozag,
          amcnicky_mini_corridor_feature, serial_library_hellmonk_small_alcove,
          minmay_three_doors, uniq_duvessa
D:8:      layout_basic, lemuel_crystal_altar, uniq_gastronok,
          uniq_prince_ribbit1, uniq_maurice, uniq_amaemon
Temple:   hellmonk_temple_of_storms

Skill      XL: |  1  2  3  4  5  6  7  8  9 10 |
---------------+-------------------------------+-----
Dodging        | 1 2 3 4 5 |  5.1
Armour         | 2 3 4 5 |  5.4
Polearms       | 1 2 3 4 5 |  5.1
Stealth        | 1 2 3 |  3.2
Spellcasting   | 1 2 3 |  3.0
Fighting       | 4 5 6 |  6.6
Axes           | 4 5 6 |  6.5
Necromancy     | 1 2 |  2.7
Alchemy        | 1 2 3 |  3.1
Shapeshifting  | 1 2 |  2.1
Evocations     | 2 3 |  3.0
Conjurations   | 1 2 |  2.2
Translocations | 1 |  1.7
Unarmed Combat | |  0.2
Earth Magic    | |  0.2

Action                     |  1- 3 |  4- 6 |  7- 9 | 10-12 || total
---------------------------+-------+-------+-------+-------++-------
  Melee: Hand axe          |    64 |    77 |   145 |       ||   286
         Dagger            |    47 |       |       |       ||    47
         Whip              |     8 |    50 |       |       ||    58
         Trident           |       |    33 |   182 |    55 ||   270
         Broad axe         |       |       |    17 |    55 ||    72
         Flail             |       |       |       |    15 ||    15
         Headbutt          |       |       |       |     5 ||     5
  Evoke: Wand              |       |       |     3 |       ||     3
    Use: Scroll            |       |     4 |     7 |     1 ||    12
         Potion            |       |       |    14 |     4 ||    18
   Stab: Sleeping          |     1 |       |     6 |     1 ||     8
         Confused          |       |     1 |       |     2 ||     3
         Petrifying        |       |       |     3 |       ||     3
         Paralysed         |       |       |     3 |       ||     3
         Distracted        |       |       |       |     1 ||     1
 Armour: Leather armour    |    18 |       |       |       ||    18
         Ring mail         |    18 |    68 |   137 |    38 ||   261
         Skin              |       |       |       |    10 ||    10
  Dodge: Dodged            |    28 |    49 |    92 |    29 ||   198

Table legend: (Time is in decaauts)
 A = Elapsed time spent in this place.
 B = Non-inter-level travel time spent in this place.
 C = Inter-level travel time spent in this place.
 D = Time resting spent in this place.
 E = Time spent auto-exploring this place.
 F = Levels seen in this place.
 G = Mean time per level.
                   A        B        C        D        E       F      G
               +--------+--------+--------+--------+--------+-----+--------+
         Total |   6537 |   6064 |    473 |    179 |   4595 |   9 |  726.3 |
       Dungeon |   6536 |   6064 |    472 |    179 |   4595 |   8 |  817.0 |
        Temple |      1 |      1 |      0 |      0 |      0 |   1 |    1.0 |
               +--------+--------+--------+--------+--------+-----+--------+

Top non-repeatable levels by time:
     D:5: 1266 daAuts
     D:6: 1225 daAuts
     D:1: 962 daAuts
     D:7: 895 daAuts
     D:2: 769 daAuts
     D:3: 547 daAuts
     D:4: 538 daAuts
     D:8: 329 daAuts
  Temple: 1 daAuts
